 Dungeon Crawl Stone Soup version 0.27.1-1-g398f81649c (webtiles) character file.

Game seed: 1064964910155653806

16645 pkoi the Grappler (level 12, 0/105 HPs)
             Began as a Troll Monk on Sept 7, 2021.
             Was a High Priest of Dithmenos.
             Killed from afar by an electric eel (7 damage)
             ... with a bolt of electricity
             ... on level 11 of the Dungeon.
             The game lasted 00:17:03 (10644 turns).

pkoi the Grappler (Troll Monk)                     Turns: 10644, Time: 00:17:03

Health: 0/105      AC:  7    Str: 27 (29) XL:     12   Next: 11%
Magic:  11/11      EV: 13    Int:  4      God:    Dithmenos [*****.]
Gold:   948        SH: 14    Dex: 17 (18) Spells: 11/11 levels left

rFire    + . .     SeeInvis .     - Unarmed
rCold    + . .     Faith    .   b - +3 kite shield {rC+ rF+}
rNeg     . . .     Spirit   .   y - +0 robe "Jeud" {rCorr Str+4}
rPois    +         Reflect  .   (helmet restricted)
rElec    .         Harm     .   u - +2 cloak {rPois}
rCorr    +         Rampage  .   (gloves unavailable)
Will     ++...     Rnd*Rage +   (boots unavailable)
Stlth    +++.......             D - necklace of Bloodlust {*Rage +Rage Will++ Int-3 Slay+6}
HPRegen  1.27/turn              p - +6 ring of dexterity
MPRegen  0.12/turn              (no ring)

@: wreathed by umbra
A: large, unfitting armour, claws 3, regeneration 1, shaggy fur 1, tough skin 1
a: Renounce Religion, Evoke Berserk Rage, Shadow Step, Shadow Form


You were on level 11 of the Dungeon.
You worshipped Dithmenos.
Dithmenos was extremely pleased with you.
You visited 2 branches of the dungeon, and saw 14 of its levels.
You also visited: Sewer and Bailey.

You collected 1581 gold pieces.
You spent 633 gold pieces at shops.

Inventory:

Missiles
 g - 13 throwing nets
 o - 5 curare-tipped darts
 r - 38 poisoned darts
Armour
 b - a +3 kite shield of resistance (worn)
 u - a +2 cloak of poison resistance (worn)
 y - the +0 robe "Jeud" (worn) {rCorr Str+4}
   (You found it on level 7 of the Dungeon)

   Str:       It affects your strength (+4).
   rCorr:     It protects you from acid and corrosion.
Jewellery
 a - an amulet of guardian spirit
 j - an amulet of the acrobat
 p - a +6 ring of dexterity (left claw)
 q - a ring of poison resistance
 A - a +4 ring of protection
 D - the necklace of Bloodlust (around neck) {*Rage +Rage Will++ Int-3 Slay+6}
   (You bought it in a shop on level 7 of the Dungeon)

   [amulet of nothing]

   It extends the wearer's berserk rage when killing foes.
   Int:       It affects your intelligence (-3).
   Slay:      It affects your accuracy & damage with ranged weapons and melee
   (+6).
   +Rage:     It lets you go berserk.
   *Rage:     It may make you go berserk in combat.
   Will:      It greatly increases your willpower.
Wands
 e - a wand of polymorph (5)
 h - a wand of flame (22) (quivered)
 s - a wand of acid (7)
Scrolls
 c - 4 scrolls of teleportation
 w - a scroll of magic mapping
 z - 3 scrolls of identify
Potions
 d - 3 potions of haste
 f - 2 potions of lignification
 i - 3 potions of heal wounds
 k - 2 potions of brilliance
 l - 5 potions of curing
 m - a potion of attraction
 n - a potion of mutation
 t - 3 potions of invisibility
 v - a potion of magic
 B - a potion of flight {unknown}
 C - a potion of might
Miscellaneous
 x - a phial of floods


   Skills:
 + Level 3.4 Fighting
 + Level 6.2 Armour
 + Level 7.7 Dodging
 - Level 1.0 Stealth
 + Level 7.2 Shields
 * Level 13.3 Unarmed Combat
 + Level 1.2 Invocations


You had 11 spell levels left.
You didn't know any spells.
Your spell library contained the following spells:

 Spells                   Type           Power      Damage    Failure   Level
 Magic Dart               Conj           0%         1d3       63%         1
 Searing Ray              Conj           0%         3d3       77%         2
 Dazzling Flash           Conj/Hex       0%         N/A       94%         3
 Fulminant Prism          Conj/Hex       0%         3d6       100%        4
 Agony                    Necr           0%         N/A       100%        5
 Silence                  Hex/Air        0%         N/A       100%        5
 Chain Lightning          Conj/Air       0%         N/A       100%        9
 Fire Storm               Conj/Fire      0%         5d1       100%        9


Dungeon Overview and Level Annotations

Branches:
Dungeon (13/15)            Temple (1/1) D:6            Lair (0/6) D:10
    Orc (0/2) D:12          Sewer (visited)          Bailey (visited)
 Vaults: D:13-14

Altars:
Ashenzari
Cheibriados
Dithmenos
Elyvilon
Fedhas
Gozag
Hepliaklqana
Kikubaaqudgha
Makhleb
Nemelex Xobeh
Okawaru
Qazlal
Ru
Sif Muna
Trog
Uskayaw
Vehumet
Wu Jian
Xom
Yredelemnul
Zin
The Shining One

Shops:
D:4 (   D:6 ?(   D:7 =((==   D:10 [

Annotations:
D:6 2 transporters


Innate Abilities, Weirdness & Mutations

You are too large for most types of armour.
You have claws for hands.
Your natural rate of healing is unusually fast.
You are covered in fur. (AC +1)
You have tough skin. (AC +1)


Message History

Things that are here:
a +0 shortbow; 24 arrows The centaur unwields a +0 shortbow.
The centaur closely misses you. You block the centaur's attack.
The centaur shoots an arrow.
The arrow hits you!
* * * LOW HITPOINT WARNING * * *
The centaur shoots an arrow.
The arrow hits you.
* * * LOW HITPOINT WARNING * * *
The centaur closely misses you. The centaur kicks you.
* * * LOW HITPOINT WARNING * * *
Items here: ( )) †.
You mangle the centaur!!
You kill the centaur!
Dithmenos accepts your kill.
The centaur shoots an arrow.
You block the arrow.
The centaur shoots an arrow.
You block the arrow.
The centaur shoots an arrow.
You block the arrow.
The centaur shoots an arrow.
The arrow hits you but does no damage.
Unknown command.
The centaur shoots an arrow.
The arrow hits you!
* * * LOW HITPOINT WARNING * * *
The centaur shoots an arrow.
The arrow barely misses you.
The centaur shoots an arrow.
The arrow hits you!
* * * LOW HITPOINT WARNING * * *
The centaur unwields a +0 shortbow.
You block the centaur's attack.
The centaur kicks you but does no damage.
You mangle the centaur!!
You kill the centaur!
Dithmenos accepts your kill.
The electric eel shoots out a bolt of lightning at you!
The bolt of electricity hits you!
* * * LOW HITPOINT WARNING * * *
The centaur unwields a +0 shortbow.
The centaur hits you but does no damage.
You block the centaur's attack.
You mangle the centaur!!
You kill the centaur!
Dithmenos accepts your kill.
The electric eel shoots out a bolt of lightning at you!
The bolt of electricity hits you!
You die...

≈≈≈≈..#≈≈≈..#..........#
...≈≈≈≈≈≈≈≈≈#≈.........#
....≈≈≈.≈≈≈≈≈≈≈.........
.ccc..;†..≈≈≈≈≈≈......≈≈
#.......≈≈≈...≈≈≈≈
#.........≈≈≈)≈≈≈≈
#.........≈≈≈≈≈≈..
#))........≈≈≈≈≈..
#@...........≈....
#.########.................
#........)))...#########.#.
##############.# #.##
##.##### #.## #......# #.#.
#.####.# #.#. #. #.# #.#.
#. #.# #.#.


You could see an electric eel.

Vanquished Creatures
  Fannar (D:11)
  A boulder beetle (D:9)
  A hydra (D:11)
  3 two-headed ogres
  A centaur warrior (D:10)
  A death yak (D:9)
  Pikel (D:5)
  2 manticores (D:11)
  An ugly thing (D:11)
  An elephant (D:9)
  A gargoyle (D:11)
  Maggie (D:7)
  3 kobold demonologists (D:12)
  A troll (D:10)
  A meliai zombie (D:11)
  A vampire (D:10)
  16 yaks
  A basilisk (D:10)
  2 steam dragons
  2 vampire mosquitoes (D:9)
  An acid dragon (D:9)
  A water moccasin (D:8)
  2 orc warriors (D:9)
  An ice beast (D:7)
  A sky beast (D:6)
  A black bear (D:10)
  3 ogres
  11 centaurs
  5 kobold brigands
  A lemure (D:5)
  3 bullfrogs
  9 gnoll sergeants
  A scorpion (D:6)
  A water moccasin zombie (D:6)
  2 water moccasin skeletons
  7 killer bees
  3 wights (D:8)
  3 howler monkeys
  3 electric eels (D:11)
  5 centaur zombies
  5 hounds
  A centaur skeleton (D:7)
  2 orc priests
  6 gnoll shamans (Bailey)
  2 jellies
  Ijyb (D:4)
  An iguana (D:3)
  6 orc wizards
  A killer bee zombie (D:6)
  A mummy (D:5)
  2 howler monkey zombies
  Robin (D:3)
  26 gnolls
  10 adders
  A howler monkey skeleton (D:6)
  A shadow imp (D:7)
  2 ufetubi
  3 worms
  2 dart slugs
  18 orcs
  7 ball pythons
  9 endoplasms
  5 giant cockroaches
  15 goblins
  11 hobgoblins
  5 quokkas
  5 bats
  2 frilled lizards
  13 kobolds
  6 rats
276 creatures vanquished.

Vanquished Creatures (others)
  An orc wizard (D:7)
  An orc (D:7)
  A fungus (D:10)
  10 plants
13 creatures vanquished.

Grand Total: 289 creatures vanquished

Notes
Turn   | Place    | Note
-------+----------+-------------------------------------------
     0 | D:1      | pkoi the Troll Monk began the quest for the Orb.
     0 | D:1      | Reached XP level 1. HP: 22/22 MP: 0/0
    31 | D:1      | Noticed an eye of devastation
    33 | D:1      | Found a faded altar of an unknown god.
    35 | D:1      | Noticed an eye of devastation
    35 | D:1      | Noticed a golden eye
    35 | D:1      | Noticed a shining eye
    45 | D:1      | Became a worshipper of Dithmenos the Shadowed
    45 | D:1      | Reached * piety under Dithmenos
    45 | D:1      | Reached ** piety under Dithmenos
   342 | D:1      | Reached *** piety under Dithmenos
   343 | D:1      | Reached XP level 2. HP: 29/29 MP: 1/1
   623 | D:2      | Reached skill level 4 in Unarmed Combat
   692 | D:2      | Reached XP level 3. HP: 36/36 MP: 2/2
  1262 | D:3      | Reached skill level 5 in Unarmed Combat
  1262 | D:3      | Reached XP level 4. HP: 44/44 MP: 3/3
  1334 | D:3      | Found a burning altar of Makhleb.
  1383 | D:3      | Found a blossoming altar of Fedhas.
  1409 | D:3      | Reached **** piety under Dithmenos
  1410 | D:3      | Found a stormy altar of Qazlal.
  1419 | D:3      | Reached XP level 5. HP: 50/50 MP: 4/4
  1521 | D:3      | Reached skill level 6 in Unarmed Combat
  1616 | D:3      | Noticed Robin
  1623 | D:3      | Killed Robin
  1912 | D:4      | Found Raul's Antique Weapon Boutique.
  1925 | D:4      | Identified a scroll of acquirement
  1925 | D:4      | Acquired a +2 kite shield of resistance
  2252 | D:4      | Reached XP level 6. HP: 59/59 MP: 5/5
  2307 | D:4      | Noticed Ijyb
  2317 | D:4      | Killed Ijyb
  2329 | D:4      | Reached skill level 1 in Shields
  2598 | D:4      | Reached skill level 7 in Unarmed Combat
  2642 | D:4      | Found a sparkling altar of Nemelex Xobeh.
  3194 | D:5      | Entered Level 5 of the Dungeon
  3237 | D:5      | Reached XP level 7. HP: 54/66 MP: 6/6
  3307 | D:5      | Found a snail-covered altar of Cheibriados.
  3595 | D:5      | Found a glowing drain.
  3614 | Sewer    | Entered a sewer
  3729 | Sewer    | Acquired a +2 cloak of poison resistance
  3829 | Sewer    | Reached skill level 8 in Unarmed Combat
  4229 | D:5      | Reached XP level 8. HP: 42/74 MP: 7/7
  4497 | D:6      | Found a staircase to the Ecumenical Temple.
  4547 | D:6      | Found Jahigach's Weapon Shop.
  4638 | D:6      | Noticed Pikel
  4654 | D:5      | Killed Pikel
  4655 | D:5      | Reached skill level 1 in Armour
  4655 | D:5      | Reached skill level 9 in Unarmed Combat
  4681 | D:6      | Reached ***** piety under Dithmenos
  4717 | D:6      | Identified the +9 spear "Jellybane" {venom, rElec rF- Str+3
                  | SInv}
  4733 | D:6      | Found a transporter.
  4739 | D:6      | Found a transporter.
  4874 | D:6      | Reached XP level 9. HP: 76/80 MP: 8/8
  4906 | D:6      | Found Saogil's Magic Scroll Shop.
  4922 | D:6      | Bought a scroll of identify for 20 gold pieces
  4922 | D:6      | Bought a scroll of fear for 35 gold pieces
  4922 | D:6      | Bought a scroll of identify for 20 gold pieces
  4922 | D:6      | Bought 2 scrolls of identify for 40 gold pieces
  5019 | Temple   | Entered the Ecumenical Temple
  5407 | D:7      | Noticed Maggie
  5410 | D:7      | Found Ytolue's Jewellery Shoppe.
  5415 | D:7      | Killed Maggie
  5416 | D:7      | Reached skill level 5 in Dodging
  5421 | D:7      | Found Cune's Jewellery Shoppe.
  5432 | D:7      | Reached skill level 10 in Unarmed Combat
  5634 | D:7      | Found Ynyleddi's Jewellery Boutique.
  5672 | D:7      | Found Nor Iblapi's Weapon Emporium.
  5799 | D:7      | Found Zilaivor's Weapon Shoppe.
  5902 | D:7      | Identified the +0 robe "Jeud" {rCorr Str+4}
  6913 | D:9      | Reached skill level 5 in Shields
  6920 | D:9      | Reached XP level 10. HP: 83/88 MP: 9/9
  6954 | D:9      | Reached skill level 11 in Unarmed Combat
  7204 | D:9      | Noticed a boulder beetle
  7217 | D:9      | Killed a boulder beetle
  7582 | D:10     | Entered Level 10 of the Dungeon
  7582 | D:10     | Found a flagged portal.
  7582 | D:10     | Found Xin Onn's Antique Armour Shop.
  7586 | D:10     | Noticed a centaur warrior
  7600 | Bailey   | Entered a bailey
  8127 | Bailey   | Identified the +1 robe of the Desert {-Tele Harm rPois
                  | Stlth+}
  8218 | D:10     | Killed a centaur warrior
  8219 | D:10     | Reached skill level 12 in Unarmed Combat
  8309 | D:10     | Noticed an elephant
  8316 | D:10     | Noticed a two-headed ogre
  8336 | D:10     | HP: 4/88 [orc (1)]
  8417 | D:9      | Killed an elephant
  8418 | D:9      | Reached XP level 11. HP: 94/94 MP: 10/10
  8459 | D:10     | Noticed a death yak
  8476 | D:10     | Noticed a two-headed ogre
  8495 | D:10     | Killed a two-headed ogre
  8496 | D:10     | Reached skill level 5 in Armour
  8596 | D:10     | Killed a two-headed ogre
  8801 | D:10     | Found a staircase to the Lair.
  8863 | D:10     | Found a white marble altar of Elyvilon.
  8943 | D:9      | Killed a death yak
  9370 | D:11     | Noticed a two-headed ogre
  9375 | D:11     | Killed a two-headed ogre
  9487 | D:11     | Noticed a cyan ugly thing
  9503 | D:11     | Killed a cyan ugly thing
  9580 | D:11     | Noticed Fannar
  9615 | D:11     | Killed Fannar
  9616 | D:11     | Reached skill level 13 in Unarmed Combat
  9695 | D:11     | You fall into a shaft and drop 2 floors!
  9782 | D:12     | Noticed a deep elf pyromancer
  9926 | D:12     | Found a staircase to the Orcish Mines.
  9926 | D:12     | Noticed a two-headed ogre
 10034 | D:11     | Noticed a four-headed hydra
 10074 | D:11     | Killed a five-headed hydra
 10127 | D:11     | Reached XP level 12. HP: 49/105 MP: 4/11
 10322 | D:7      | Bought the necklace of Bloodlust {*Rage +Rage Will++ Int-3
                  | Slay+6} for 518 gold pieces
 10322 | D:7      | Found the necklace of Bloodlust {*Rage +Rage Will++ Int-3
                  | Slay+6}
 10543 | D:11     | Identified the +1 leather armour of Tender Moments {Int+8}
 10560 | D:11     | Reached skill level 1 in Invocations
 10644 | D:11     | Killed from afar by an electric eel

Illustrated notes

Levels and vault maps discovered:
D:1:      psy_arrival_statuary, layout_basic,
          hellmonk_ecumenical_altar_watching_god
D:2:      layout_basic, kennysheep_generic_room_8
D:3:      layout_rooms, mainiacjoe_overflow_boulevard,
          mainiacjoe_overflow_paths, nicolae_overflow_hidden_temple, uniq_robin,
          uniq_jessica
D:4:      layout_layer_cave, nicolae_overflow_crystal_walls, serial_shops,
          nicolae_diamond_shop, amcnicky_mini_corridor_feature,
          minmay_strange_pillars, uniq_ijyb
D:5:      layout_loops_corners, slow_altar_1, gup_sewer_entry_pipe
D:6:      layout_rooms, temple_fountains, gammafunk_ghost_gnarly_gnolls,
          serial_shops, shop_coins, nicolae_lakefront_shop,
          minmay_misc_feat_iff, st_stairs_2, corexii_shack, uniq_pikel
D:7:      layout_gridville, serial_shops, shop, nicolae_shop_waterfront, shop,
          shop, shop, uniq_maggie
D:8:      layout_cave_pods, st_stairs_12
D:9:      layout_basic
D:10:     layout_cave_pools, kennysheep_mini, david_lair_generic, serial_shops,
          nicolae_take_the_stairs, enter_bailey_5
D:11:     layout_basic, serial_bayou_pond_b, uniq_nergalle, uniq_fannar
D:12:     layout_loops_cross, orc_0_dummy
D:13:     layout_gridville, grunt_vaults_entry_tiered, serial_shops,
          nicolae_lakefront_shop, minmay_misc_feat_square
Temple:   regret_index_temple_sphere_string

Skill      XL: |  1  2  3  4  5  6  7  8  9 10 11 12 |
---------------+-------------------------------------+-----
Unarmed Combat | 4 5 6 7 8 9 10 12 13 | 13.3
Shields        | 1 2 3 5 6 7 |  7.2
Dodging        | 3 4 5 6 7 |  7.7
Armour         | 1 3 4 6 |  6.2
Fighting       | 3 |  3.4
Invocations    | 1 |  1.2
Stealth        | |  1.0

Action                   |  1- 3 |  4- 6 |  7- 9 | 10-12 || total
-------------------------+-------+-------+-------+-------++-------
Melee: Unarmed           |    88 |   129 |   267 |   401 ||   885
       Punch             |       |     1 |       |       ||     1
Throw: Dart              |       |       |     4 |    14 ||    18
Evoke: Wand              |       |       |       |     2 ||     2
  Use: Scroll            |       |     6 |    15 |     1 ||    22
       Potion            |       |       |     1 |     2 ||     3
 Stab: Sleeping          |     9 |     4 |     4 |     2 ||    19
       Distracted        |       |       |     1 |       ||     1
Armor: Robe              |    20 |    21 |    41 |   107 ||   189
       Steam dragon scal |       |       |    28 |       ||    28
Dodge: Dodged            |    45 |    42 |   106 |   232 ||   425
Block: Kite shield       |       |    27 |   166 |   328 ||   521
